 Dungeon Crawl Stone Soup version 0.27.0-1-g7a089689b8 (webtiles) character file.

Game seed: 13366515676494066575

1911 gimp the Cleaver (level 8, -3/74 HPs)
             Began as a Minotaur Berserker on Aug 2, 2021.
             Was a Priest of Trog.
             Slain by a yak (12 damage)
             ... on level 6 of the Dungeon.
             The game lasted 00:07:03 (4394 turns).

gimp the Cleaver (Minotaur Berserker)               Turns: 4394, Time: 00:07:03

Health: -3/74      AC:  7    Str: 24    XL:     8   Next: 95%
Magic:  7/7        EV: 10    Int:  4    God:    Trog [***...]
Gold:   292        SH:  0    Dex: 10    Spells: 7/7 levels left

rFire    + . .     SeeInvis .   n - +0 war axe
rCold    + . .     Faith    .   (no shield)
rNeg     . . .     Spirit   .   j - +0 scale mail {rPois}
rPois    +         Reflect  .   (helmet restricted)
rElec    .         Harm     .   (no cloak)
rCorr    .         Rampage  .   (no gloves)
Will     ++...                  (no boots)
Stlth    ..........             (no amulet)
HPRegen  1.22/turn              f - ring of protection from fire
MPRegen  0.10/turn              o - ring of protection from cold

@: strong-willed, on berserk cooldown, regenerating, slowed, very slow
A: horns 2, retaliatory headbutt
a: Renounce Religion, Berserk, Trog's Hand


You were on level 6 of the Dungeon.
You worshipped Trog.
Trog was most pleased with you.
You visited 1 branch of the dungeon, and saw 6 of its levels.

You collected 292 gold pieces.

Inventory:

Hand Weapons
 a - a +0 hand axe
 n - a +0 war axe (weapon)
Armour
 j - a +0 scale mail of poison resistance (worn)
Jewellery
 f - a ring of protection from fire (left hand)
 g - a ring of flight
 o - a ring of protection from cold (right hand)
Wands
 t - a wand of flame (42)
Scrolls
 b - 2 scrolls of holy word {unknown}
 c - 4 scrolls of identify {unknown}
 d - 4 scrolls of teleportation {unknown}
 p - 3 scrolls of blinking
 q - a scroll of fear {unknown}
 u - 2 scrolls of magic mapping {unknown}
Potions
 e - 2 potions of might {unknown}
 h - a potion of ambrosia {unknown}
 i - a potion of heal wounds {unknown}
 k - 2 potions of curing {unknown}
 l - a potion of haste {unknown}
 m - a potion of degeneration {unknown}
 r - a potion of attraction {unknown}
 s - a potion of magic {unknown}
 v - a potion of brilliance {unknown}
 w - a potion of invisibility {unknown}


   Skills:
 + Level 7.9 Fighting
 * Level 10.4 Axes
 + Level 7.3 Armour
 - Level 2.1 Dodging


You had 7 spell levels left.
You didn't know any spells.
Your spell library was empty.

Dungeon Overview and Level Annotations

Branches:
Dungeon (6/15)
 Temple: D:4-7

Altars:
Makhleb

Shops:
D:3 =

Portals:
Abyss: D:4


Innate Abilities, Weirdness & Mutations

You have a pair of horns on your head.
You reflexively headbutt those who attack you in melee.


Message History

You hit the yak.
The yak is almost dead.
You slash the yak!
You are no longer berserk.
You are exhausted.
You feel yourself slow down. The yak completely misses you.
The yak gores you but does no damage.
You now have 43/74 hp.
You hit the yak but do no damage.
The yak is almost dead.
You slash the yak! The yak closely misses you. The yak gores you!
You take 7 damage, and have 36/74 hp.
You are too injured to fight recklessly!
You slash the yak!
You kill the yak!
Trog accepts your kill.
You hit the yak. The yak gores you! x2
* * * LOW HITPOINT WARNING * * *
You take 24 damage, and have 12/74 hp.
MASSIVE DAMAGE!!
There is an open door here.
Your skin crawls.
You feel strong-willed. The yak barely misses you. The yak closely misses you.
You regained 2 hp, and now have 14/74 hp.
You regained 2 hp, and now have 16/74 hp.
The yak gores you.
* * * LOW HITPOINT WARNING * * *
You take 3 damage, and have 13/74 hp.
The yak gores you!
* * * LOW HITPOINT WARNING * * *
There is a stone staircase leading up, spattered with blood here.
You take 7 damage, and have 7/74 hp.
Found a bubbling yellow potion.
You regained 2 hp, and now have 9/74 hp.
You slash the yak!
The yak is almost dead.
The yak gores you.
* * * LOW HITPOINT WARNING * * *
The yak gores you!
You die...

## .# ##.# ##
#..# !. ...##
#. ##...##
#..##.....#
#...@Y...######
##.###.........
# ##.###### #.#
##'## #...#
#...††#
#.......#
#..........


You could see a yak.

Vanquished Creatures
  Grinder (D:3)
  5 yaks (D:6)
  2 ogres
  2 small abominations (D:4)
  A necrophage (D:5)
  A centaur (D:5)
  A water moccasin zombie (D:5)
  The ghost of DocClef the Covert, a weakling GnDe (D:4)
  A crimson imp (D:4)
  A hound (D:5)
  A bullfrog zombie (D:5)
  3 jellies
  An orc wizard (D:3)
  A hound zombie (D:5)
  5 gnolls
  6 adders
  An ufetubus (D:5)
  An adder skeleton (D:5)
  2 worms (D:2)
  2 dart slugs
  9 orcs
  6 bats
  An endoplasm (D:1)
  4 giant cockroaches
  6 goblins
  7 hobgoblins
  8 jackals
  5 quokkas
  5 ball pythons
  4 frilled lizards
  4 kobolds
  A quokka skeleton (D:4)
  4 rats
103 creatures vanquished.

Notes
Turn   | Place    | Note
-------+----------+-------------------------------------------
     0 | D:1      | gimp the Minotaur Berserker began the quest for the Orb.
     0 | D:1      | Reached XP level 1. HP: 19/19 MP: 0/0
   170 | D:1      | Found a faded altar of an unknown god.
   294 | D:1      | Reached skill level 4 in Axes
   422 | D:1      | Reached XP level 2. HP: 12/27 MP: 1/1
   825 | D:1      | Reached XP level 3. HP: 33/33 MP: 2/2
  1116 | D:2      | Found a burning altar of Makhleb.
  1285 | D:2      | Reached skill level 5 in Axes
  1285 | D:2      | Reached XP level 4. HP: 38/41 MP: 3/3
  2110 | D:3      | Reached ** piety under Trog
  2113 | D:3      | Noticed Grinder
  2126 | D:3      | Killed Grinder
  2127 | D:3      | Reached skill level 5 in Fighting
  2127 | D:3      | Reached skill level 6 in Axes
  2127 | D:3      | Reached XP level 5. HP: 48/48 MP: 4/4
  2127 | D:3      | Reached XP level 6. HP: 56/56 MP: 5/5
  2294 | D:3      | Found Duzen's Jewellery Boutique.
  2900 | D:4      | Found a transporter.
  2906 | D:4      | Found a transporter.
  2960 | D:4      | Found a one-way gate to the infinite horrors of the Abyss.
  2960 | D:4      | Noticed DocClef's ghost (weakling GnDe)
  3097 | D:4      | Reached skill level 7 in Axes
  3264 | D:4      | Reached skill level 5 in Armour
  3264 | D:4      | Reached XP level 7. HP: 28/62 MP: 6/6
  3512 | D:4      | Killed DocClef's ghost
  3579 | D:5      | Entered Level 5 of the Dungeon
  3586 | D:5      | Reached skill level 8 in Axes
  3851 | D:5      | Reached *** piety under Trog
  3870 | D:5      | Reached XP level 8. HP: 56/71 MP: 7/7
  4124 | D:5      | Reached skill level 9 in Axes
  4380 | D:6      | Reached skill level 10 in Axes
  4394 | D:6      | Slain by a yak

Illustrated notes

Levels and vault maps discovered:
D:1:      minmay_arrival_cross, layout_basic,
          shapermc_ecumenical_altar_acropolis, roderic_roman_lattice
D:2:      layout_loops_corners, basic_altar, corexii_leaking_fountain
D:3:      layout_loops_ring, serial_shops,
          nicolae_shop_competitors_out_of_business, uniq_grinder
D:4:      layout_cave_pools, gammafunk_ghost_abyssal_escape, grunt_ministairs_9
D:5:      layout_cave_pools, kennysheep_nondescript
D:6:      layout_loops_corners, uniq_eustachio

Skill      XL: |  1  2  3  4  5  6  7  8 |
---------------+-------------------------+-----
Axes           | 4 5 6 7 8 10 | 10.4
Fighting       | 4 5 6 7 |  7.9
Armour         | 3 4 5 6 7 |  7.3
Dodging        | |  2.1

Action                   |  1- 3 |  4- 6 |  7- 9 || total
-------------------------+-------+-------+-------++-------
Melee: Hand axe          |    53 |    67 |       ||   120
       Headbutt          |     9 |    17 |    18 ||    44
       War axe           |       |    29 |    86 ||   115
Invok: Berserk           |     1 |     3 |     3 ||     7
       Trog's Hand       |       |     1 |     1 ||     2
Armor: Animal skin       |     9 |       |       ||     9
       Scale mail        |       |    39 |    39 ||    78
Dodge: Dodged            |    27 |    51 |    31 ||   109
